 Dungeon Crawl Stone Soup version 0.28-a0-535-g6f645e4c1d (webtiles) character file.

Game seed: 3122048175091129003

21 Rennog the Skirmisher (level 2, -2/22 HPs)
             Began as an Octopode Fighter on Sept 27, 2021.
             Was an Initiate of Ashenzari.
             Slain by a hound (3 damage)
             ... on level 2 of the Dungeon.
             The game lasted 00:01:33 (885 turns).

Rennog the Skirmisher (Octopode Fighter)             Turns: 885, Time: 00:01:34

Health: -2/22      AC:  1    Str: 15    XL:     2   Next: 83%
Magic:  2/2        EV: 13    Int: 10    God:    Ashenzari [......]
Gold:   43         SH:  4    Dex: 11    Spells: 1/1 levels left

rFire   . . .      SeeInvis .   a - +0 rapier
rCold   . . .      Faith    .   b - +0 buckler of the Eye in the Sky {Alch, Melee} (curse)
rNeg    . . .      Spirit   .   (helmet restricted)
rPois   .          Reflect  .   (no amulet)
rElec   .          Harm     .   (no ring)
rCorr   .          Rampage  .   (no ring)
Will    .....                   (no ring)
Stlth   ++........              (no ring)
HPRegen 0.07/turn               (no ring)
MPRegen 0.08/turn               (no ring)
                                (no ring)
                                (no ring)

@: mighty
A: almost no armour, amphibious, 8 rings, camouflage 1, gelatinous body 1,
(nimble swimmer 1), tentacles
a: Renounce Religion, Shatter the Chains


You were on level 2 of the Dungeon.
You worshipped Ashenzari.
Ashenzari was noncommittal.
You visited 1 branch of the dungeon, and saw 2 of its levels.

You collected 43 gold pieces.

Inventory:

Hand Weapons
 a - a +0 rapier (weapon)
Armour
 b - the cursed +0 buckler of the Eye in the Sky (worn) {Alch, Melee}

   It has a curse which improves the following skills: Alchemy: Poison Magic and
   Transmutations.
   Melee Combat: Short Blades, Long Blades, Axes, Maces & Flails, Polearms,
   Staves and Unarmed Combat.
Scrolls
 d - a scroll of noise
 e - 2 scrolls of identify
 f - a scroll of amnesia


   Skills:
 * Level 3.7 Fighting
 - Level 2.0(2.4) Short Blades
 + Level 3.3 Dodging
 - Level 3.0 Shields


You had one spell level left.
You didn't know any spells.
Your spell library contained the following spells:

 Spells                   Type           Power      Damage    Failure   Level
 Call Canine Familiar     Summ           0%         N/A       77%         3
 Portal Projectile        Hex/Tloc       0%         N/A       77%         3
 Leda's Liquefaction      Hex/Erth       0%         N/A       99%         4


Dungeon Overview and Level Annotations

Branches:
Dungeon (2/15)

Altars:
Ashenzari


Innate Abilities, Weirdness & Mutations

You cannot wear most types of armour.
You are amphibious.
You can wear up to eight rings at the same time.
Your skin changes colour to match your surroundings (Stealth+).
Your rubbery body absorbs attacks. (AC +1, EV +1)
((You are camouflaged near water. (Stealth+)))
You have tentacles for arms and can constrict up to eight enemies at once.


Message History

Found a stone staircase leading up.
You pick up a book of the Hunter and begin reading...
You add the spells Call Canine Familiar, Portal Projectile and Leda's Liquefaction to your library.
Found a stone staircase leading down.
You now have 43 gold pieces (gained 9).
A hound comes into view.
Found a +0 club.
The hound bites you.
You hit the hound but do no damage. Your grab misses the hound.
The hound bites you.
You hit the hound. Your grab misses the hound.
The hound is lightly wounded.
The hound bites you. You block the hound's attack.
You are too injured to fight recklessly!
The hound bites you but does no damage. The hound barely misses you.
The hound barely misses you. The hound completely misses you.
The hound barely misses you. The hound bites you. The hound bites you.
The hound bites you.
You miss the hound. Your grab misses the hound.
The hound bites you but does no damage. The hound misses you.
You hit the hound. Your grab misses the hound.
The hound is moderately wounded.
The hound bites you.
* * * LOW HITPOINT WARNING * * *
The hound bites you.
* * * LOW HITPOINT WARNING * * *
The hound barely misses you. The hound closely misses you.
The hound closely misses you. You block the hound's attack.
Unknown command.
You feel very mighty all of a sudden. The hound barely misses you.
You completely miss the hound. You grab the hound.
The hound is moderately wounded.
You constrict the hound. The hound bites you.
You die...

##....# #.## >. .....#
#..###...
###..########........
###.........##.....#...
##......####.#....<...#.
).......# #.##.....#...
##......####........#...
###......##.###..#.....
###....@h............
......................
..................#####
####...##..........##..
######..............
#..........##.#
#.#....†..## #
#.##...).## ##...#####.#


You could see a hound.

Vanquished Creatures
  3 ball pythons
  An endoplasm (D:1)
  A giant cockroach (D:1)
  2 goblins
  2 hobgoblins
  A quokka (D:1)
  4 bats (D:1)
  2 frilled lizards (D:1)
  3 kobolds (D:1)
  2 rats (D:1)
21 creatures vanquished.

Notes
Turn   | Place    | Note
-------+----------+-------------------------------------------
     0 | D:1      | Rennog the Octopode Fighter began the quest for the Orb.
     0 | D:1      | Reached XP level 1. HP: 16/16 MP: 1/1
   100 | D:1      | Reached XP level 2. HP: 10/21 MP: 2/2
   393 | D:1      | Found a faded altar of an unknown god.
   423 | D:1      | Became a worshipper of Ashenzari the Shackled
   875 | D:2      | HP: 1/22 [hound (3)]
   885 | D:2      | Slain by a hound

Illustrated notes

Levels and vault maps discovered:
D:1:      lemuel_arrival_broad_hall, layout_rooms,
          ebering_ecumenical_altar_webs, serial_bayou_lake_a
D:2:      layout_loops_ring, basic_altar, minmay_unequal, uniq_robin

Action                   || total
-------------------------++-------
Melee: Rapier            ||    47
       Constrict         ||     6
       Tentacles         ||     2
Invok: Curse Item        ||     1
  Use: Potion            ||     1
 Stab: Sleeping          ||     1
Armor: Skin              ||     4
Dodge: Dodged            ||    37
Block: Buckler           ||     8

Table legend: (Time is in decaauts)
 A = Elapsed time spent in this place.
 B = Non-inter-level travel time spent in this place.
 C = Inter-level travel time spent in this place.
 D = Time resting spent in this place.
 E = Time spent auto-exploring this place.
 F = Levels seen in this place.
 G = Mean time per level.
                   A        B        C        D        E       F      G
               +--------+--------+--------+--------+--------+-----+--------+
         Total |    889 |    871 |     18 |      0 |    713 |   2 |  444.5 |
       Dungeon |    889 |    871 |     18 |      0 |    713 |   2 |  444.5 |
               +--------+--------+--------+--------+--------+-----+--------+

Top non-repeatable levels by time:
     D:1: 821 daAuts
     D:2: 68 daAuts
